 Dungeon Crawl Stone Soup version 0.28-a0-1524-ge72afd5fc6 (webtiles) character file.

Game seed: 4573150215562491421

6 psuckher the Sneak (level 1, 0/18 HPs)
             Began as a Barachi Delver on Jan 17, 2022.
             Slain by an orc (5 damage)
             ... on level 5 of the Dungeon.
             The game lasted 00:00:33 (37 turns).

psuckher the Sneak (Barachi Delver)                   Turns: 37, Time: 00:00:34

Health: 0/18       AC:  0    Str: 13    XL:     1   Next: 90%
Magic:  1/1        EV: 12    Int: 10    God:
Gold:   0          SH:  0    Dex: 13    Spells: 0/0 levels left

rFire   . . .      SeeInvis .   a - +0 falchion
rCold   . . .      Faith    .   (no shield)
rNeg    . . .      Spirit   .   (no armour)
rPois   .          Reflect  .   (no helmet)
rElec   .          Harm     .   (no cloak)
rCorr   .          Rampage  .   (no gloves)
Will    .....                   (no boots)
Stlth   +++.......              (no amulet)
HPRegen 0.06/turn               (no ring)
MPRegen 0.07/turn               (no ring)

@: slow
A: amphibious, slowness 1, strong legs 1, +LOS
a: Hop


You were on level 5 of the Dungeon.
You visited 1 branch of the dungeon, and saw 1 of its levels.

Inventory:

Hand Weapons
 a - a +0 falchion (weapon)
Armour
 b - a +0 leather armour
 h - a +0 chain mail
Wands
 g - a wand of digging (3)
Scrolls
 c - a scroll of fog
 d - a scroll of magic mapping
Potions
 f - a potion of haste


   Skills:
 + Level 3.6 Fighting
 + Level 2.4 Long Blades
 + Level 2.1 Dodging
 + Level 4.8 Stealth


You couldn't memorise any spells.
You didn't know any spells.
Your spell library was empty.

Dungeon Overview and Level Annotations

Branches:
Dungeon (5/15)
 Temple: D:4-7

Altars:


Innate Abilities, Weirdness & Mutations

You are amphibious.
You cover ground slowly.
You can hop short distances.
You have an extended range of vision and can be seen from far away.


Message History

A scorpion comes into view.
You see here a +0 chain mail.
h - a +0 chain mail You hit the orc.
The orc is moderately wounded.
The orc hits you with a +0 dagger.
You hit the orc.
You kill the orc!
Things that are here:
a +0 dagger; a +0 leather armour
Things that are here:
a +0 dagger; a +0 leather armour An orc comes into view.
It is wielding a +0 whip.
You start removing your armour.
You continue taking off your +0 leather armour. x4
You finish taking off your +0 leather armour.
You start putting on your armour.
You continue putting on your +0 chain mail. x3
The orc shouts! x2; You hear a shout! x2
Keep equipping yourself?
You stop putting on your armour.
The orc hits you with a +0 dagger.
You hear a shout! x2
As you read the scroll of fear, it crumbles to dust.
You assume a fearsome visage.
The orc looks frightened! x3
An orc comes into view. It is wielding a +0 dagger.
An orc comes into view. It is wielding a +0 war axe.
The orc closely misses you.
You hit the orc.
You kill the orc!
The orc barely misses you.
Cornered, the orc turns to fight!
The orc misses you.
Things that are here:
a +0 war axe; an orc corpse You slash the orc!
You kill the orc!
The orc barely misses you. The orc hits you with a +0 club.
The orc closely misses you. The orc hits you with a +0 club.
* * * LOW HITPOINT WARNING * * *
The orc hits you with a +0 dagger.
You die...

.......# .....# ##
#...##.#
##.....###
#........#
#..#)..#
##...#####
#.....o..#
#.....)@.#
#.>##.#o.#
###.#####.$#
#............
#........#......##
#........# #.####
##..?<.... ..#
#...........
#............


You could see 2 orcs.

Vanquished Creatures
  3 orcs (D:5)
3 creatures vanquished.

Notes
Turn   | Place    | Note
-------+----------+-------------------------------------------
     0 | D:5      | psuckher the Barachi Delver began the quest for the Orb.
     0 | D:5      | Reached XP level 1. HP: 18/18 MP: 1/1
     9 | D:5      | Noticed a scorpion
    37 | D:5      | Slain by an orc

Illustrated notes

Levels and vault maps discovered:
D:5:      layout_cave_pools, gammafunk_ghost_icy, minmay_misc_feat_chi,
          uniq_edmund, uniq_duvessa, uniq_prince_ribbit1

Action                   || total
-------------------------++-------
Melee: Falchion          ||     4
  Use: Scroll            ||     1
Dodge: Dodged            ||     5

Table legend: (Time is in decaauts)
 A = Elapsed time spent in this place.
 B = Non-inter-level travel time spent in this place.
 C = Inter-level travel time spent in this place.
 D = Time resting spent in this place.
 E = Time spent auto-exploring this place.
 F = Levels seen in this place.
 G = Mean time per level.
                   A        B        C        D        E       F      G
               +--------+--------+--------+--------+--------+-----+--------+
         Total |     42 |     39 |      3 |      0 |      0 |   1 |   42.0 |
       Dungeon |     42 |     39 |      3 |      0 |      0 |   1 |   42.0 |
               +--------+--------+--------+--------+--------+-----+--------+

Top non-repeatable levels by time:
     D:5: 42 daAuts
